 Dungeon Crawl Stone Soup version 0.30-a0-639-g3916f1956a (webtiles) character file.

Game seed: 549822362673990684

1169 garrulousMonolith the Slasher (level 8, -4/59 (64) HPs)
             Began as a Gnoll Reaver on Jan 15, 2023.
             Was an Initiate of Ashenzari.
             Slain by a wight
             ... wielding a +0 long sword
              (10 damage)
             ... on level 6 of the Dungeon on Jan 17, 2023.
             The game lasted 00:10:34 (6390 turns).

garrulousMonolith the Slasher (Gnoll Reaver)        Turns: 6390, Time: 00:10:34

HP:   -4/59 (64)    AC:  5    Str: 12    XL:     8   Next: 40%
MP:   17/17         EV: 12    Int: 14    God:    Ashenzari [......]
Gold: 314           SH:  0    Dex: 11    Spells: 10/19 levels left

rFire   . . .      SeeInvis .    g - +1 dagger (freeze)
rCold   + . .      Faith    .    (no shield)
rNeg    . . .      Spirit   .    d - +0 ring mail
rPois   .          Reflect  .    (no helmet)
rElec   .          Harm     .    (no cloak)
rCorr   .          Rampage  .    (no gloves)
Will    .....                    (no boots)
Stlth   ++                       (no amulet)
HPRegen 0.29/turn                c - ring of protection from cold
MPRegen 0.15/turn                (no ring)

@: drained, invisible
A: fangs 1, strong nose, distributed training
a: Renounce Religion


You were on level 6 of the Dungeon.
You worshipped Ashenzari.
Ashenzari was noncommittal.
You visited 2 branches of the dungeon, and saw 7 of its levels.

You collected 626 gold pieces.
You spent 312 gold pieces at shops.

Inventory:

Hand Weapons
 a - a +0 falchion
 g - a +1 dagger of freezing (weapon)
 l - a +0 sling
Missiles
 u - 7 poisoned darts (quivered)
 H - 2 javelins
Armour
 b - a +0 leather armour
 d - a +0 ring mail (worn)
 r - an orb of energy
 y - a +0 ring mail
Magical Staves
 e - a staff of cold
 I - a staff of death
Jewellery
 c - a ring of protection from cold (left hand)
Wands
 C - a wand of charming (15)
 D - a wand of polymorph (6)
Scrolls
 i - 3 scrolls of magic mapping
 m - a scroll of butterflies {unknown}
 n - a scroll of enchant armour {unknown}
 o - a scroll of enchant weapon {unknown}
 p - 3 scrolls of identify
 s - a scroll of torment {unknown}
 v - 3 scrolls of fear
 w - a scroll of blinking {unknown}
 x - a scroll of noise {unknown}
 E - 2 scrolls of teleportation
 F - a scroll of fog {unknown}
 J - a scroll of brand weapon {unknown}
Potions
 f - 6 potions of attraction
 h - a potion of resistance {unknown}
 j - a potion of magic {unknown}
 k - 2 potions of curing
 q - 2 potions of flight {unknown}
 t - a potion of cancellation {unknown}
 A - a potion of heal wounds {unknown}
 B - a potion of ambrosia {unknown}
 G - a potion of mutation {unknown}


   Skills:
 + Level 5.7 Fighting
 + Level 3.3 Short Blades
 + Level 7.4 Long Blades
 + Level 3.3 Axes
 + Level 3.3 Maces & Flails
 + Level 3.3 Polearms
 + Level 3.3 Staves
 + Level 3.3 Ranged Weapons
 + Level 3.3 Throwing
 + Level 3.3 Armour
 + Level 5.7 Dodging
 + Level 3.3 Stealth
 + Level 3.3 Shields
 + Level 3.3 Unarmed Combat
 + Level 6.1 Spellcasting
 + Level 6.1 Conjurations
 + Level 2.7 Hexes
 + Level 2.7 Summonings
 + Level 2.7 Necromancy
 + Level 2.7 Translocations
 + Level 2.7 Transmutations
 + Level 2.7 Fire Magic
 + Level 2.7 Ice Magic
 + Level 2.7 Air Magic
 + Level 2.7 Earth Magic
 + Level 2.7 Poison Magic
 + Level 3.7 Invocations
 + Level 3.3 Evocations


You had 10 spell levels left.
You knew the following spells:

 Your Spells              Type           Power      Damage    Failure   Level
a - Necrotise             Necr           48%        1d6       11%         1
b - Momentum Strike       Conj/Tloc      32%        3d8       8%          2
c - Hailstorm             Conj/Ice       16%        3d6       16%         3
d - Apportation           Tloc           24%        N/A       11%         1
e - Kiss of Death         Conj/Necr      64%        2d10      5%          1
f - Summon Small Mammal   Summ           48%        N/A       11%         1

Your spell library contained the following spells:

 Spells                   Type           Power      Damage    Failure   Level


Dungeon Overview and Level Annotations

Branches:
Dungeon (6/15)             Temple (1/1) D:5

Altars:
Ashenzari
Fedhas
Hepliaklqana
Kikubaaqudgha
Makhleb
Nemelex Xobeh
Okawaru
Qazlal
Ru
Sif Muna
Trog
Uskayaw
Vehumet
Wu Jian
Xom
Yredelemnul
Zin
The Shining One

Shops:
D:1 ?


Innate Abilities, Weirdness & Mutations

You have very sharp teeth.
Your uncanny sense of smell can sniff out nearby items.
Your experience applies equally to all skills.


Message History

Your bat closely misses the sky beast.
Your bat hits the sky beast but does no damage.
The sky beast barely misses your bat.
The wight hits you with a +0 long sword.
* * * LOW HITPOINT WARNING * * *
You hit the wight.
The wight is lightly damaged.
Your bat misses the sky beast.
The wight hits you with a +0 long sword!
* * * LOW HITPOINT WARNING * * *
You feel drained.
* * * LOW HITPOINT WARNING * * *
Your bat barely misses the sky beast.
The wight misses you.
You feel better. The wight misses you.
You catch the helpless wight completely off-guard!
You puncture the wight!
The wight is almost destroyed.
Your bat barely misses the sky beast.
You hit the wight but do no damage.
The wight is almost destroyed.
The wight barely misses you.
Your bat barely misses the sky beast.
Your bat barely misses the wight.
Your bat misses the sky beast. You hit the sky beast but do no damage.
The sky beast is lightly wounded.
Your bat completely misses the wight.
The sky beast barely misses you.
You hit the sky beast. You freeze the sky beast.
The sky beast is moderately wounded.
Your bat barely misses the sky beast.
The sky beast closely misses you. The wight completely misses your bat.
The wight hits you with a +0 long sword.
* * * LOW HITPOINT WARNING * * *
You feel drained.
* * * LOW HITPOINT WARNING * * *
You barely miss the wight.
The wight is almost destroyed.
Your bat hits the sky beast but does no damage.
Your bat closely misses the wight.
The sky beast barely misses you.
The wight hits you with a +0 long sword!
You die...

. #... +# .. #.?. .#
#..#..z######.#
$......#......##########
#....#...............#
#...'.z...#####......
#..ยง#..z~....##......
..#######.......##......
.......@Y.......##).....
..#.....zb......##......
#.............##......
#......#......##......
#......##.#...........
#......##'#.........##
#...................#
#...................#
#####+#....########.##


You could see a sky beast (unable to see you, ally target), 2 wights and a
friendly bat (summoned).

Vanquished Creatures
  An ice beast (D:5)
  2 ogres
  Blork the orc (D:5)
  2 necrophages
  A scorpion (D:5)
  A wight (D:6)
  A howler monkey (D:5)
  4 hounds
  An iguana (D:4)
  A jelly (D:4)
  Jessica (D:3)
  Natasha (thrice) (D:3)
  An orc wizard (D:4)
  6 gnolls
  9 adders
  A white imp (D:5)
  4 worms
  4 dart slugs
  10 orcs
  7 bats
  12 endoplasms
  7 giant cockroaches
  5 goblins
  7 hobgoblins
  6 jackals
  9 kobolds
  6 quokkas
  9 ball pythons
  3 frilled lizards
  2 rats (D:1)
127 creatures vanquished.

Notes
Turn   | Place    | Note
-------+----------+-------------------------------------------
     0 | D:1      | garrulousMonolith the Gnoll Reaver began the quest for the
                  | Orb.
     0 | D:1      | Reached XP level 1. HP: 20/20 MP: 6/6
   142 | D:1      | Reached XP level 2. HP: 26/26 MP: 7/7
   187 | D:1      | Found Suodemiu's Magic Scroll Shop.
   645 | D:2      | Reached skill level 5 in Spellcasting
   645 | D:2      | Reached XP level 3. HP: 29/31 MP: 7/9
   771 | D:2      | Reached skill level 1 in Invocations
   792 | D:2      | Reached skill level 1 in Short Blades
   792 | D:2      | Reached skill level 1 in Axes
   792 | D:2      | Reached skill level 1 in Maces & Flails
   792 | D:2      | Reached skill level 1 in Polearms
   792 | D:2      | Reached skill level 1 in Staves
   792 | D:2      | Reached skill level 1 in Ranged Weapons
   792 | D:2      | Reached skill level 1 in Throwing
   792 | D:2      | Reached skill level 1 in Armour
   792 | D:2      | Reached skill level 1 in Stealth
   792 | D:2      | Reached skill level 1 in Shields
   792 | D:2      | Reached skill level 1 in Unarmed Combat
   792 | D:2      | Reached skill level 1 in Evocations
  1021 | D:2      | Reached XP level 4. HP: 34/36 MP: 11/11
  1340 | D:3      | Reached skill level 1 in Hexes
  1340 | D:3      | Reached skill level 1 in Summonings
  1340 | D:3      | Reached skill level 1 in Necromancy
  1340 | D:3      | Reached skill level 1 in Translocations
  1340 | D:3      | Reached skill level 1 in Transmutations
  1340 | D:3      | Reached skill level 1 in Fire Magic
  1340 | D:3      | Reached skill level 1 in Ice Magic
  1340 | D:3      | Reached skill level 1 in Air Magic
  1340 | D:3      | Reached skill level 1 in Earth Magic
  1340 | D:3      | Reached skill level 1 in Poison Magic
  1363 | D:3      | Noticed Jessica
  1376 | D:3      | Killed Jessica
  1467 | D:3      | Found a faded altar of an unknown god.
  2010 | D:3      | Reached XP level 5. HP: 31/43 MP: 12/12
  2083 | D:3      | Noticed Natasha
  2101 | D:3      | Killed Natasha
  2470 | D:3      | Noticed Natasha
  2483 | D:3      | Killed Natasha
  2544 | D:3      | Noticed Natasha
  2551 | D:3      | Killed Natasha
  2552 | D:3      | Reached XP level 6. HP: 30/42 MP: 14/14
  3038 | D:4      | Reached skill level 5 in Fighting
  3038 | D:4      | Reached skill level 5 in Dodging
  3042 | D:4      | Learned a level 2 spell: Momentum Strike
  3046 | D:4      | Learned a level 3 spell: Hailstorm
  3707 | D:4      | Reached skill level 7 in Long Blades
  3707 | D:4      | Reached XP level 7. HP: 40/55 MP: 12/15
  4491 | D:5      | Entered Level 5 of the Dungeon
  4667 | D:5      | Noticed Blork the orc
  4676 | D:4      | Learned a level 1 spell: Apportation
  4678 | D:4      | Learned a level 1 spell: Necrotise
  4680 | D:4      | Learned a level 1 spell: Summon Small Mammal
  4697 | D:5      | Killed Blork the orc
  4945 | D:5      | Reached XP level 8. HP: 10/63 MP: 16/16
  5195 | D:1      | Bought a scroll of magic mapping for 90 gold pieces
  5195 | D:1      | Bought a scroll of magic mapping for 90 gold pieces
  5195 | D:1      | Bought a scroll of identify for 24 gold pieces
  5195 | D:1      | Bought a scroll of teleportation for 36 gold pieces
  5195 | D:1      | Bought a scroll of fear for 48 gold pieces
  5195 | D:1      | Bought a scroll of identify for 24 gold pieces
  5408 | D:5      | Found a staircase to the Ecumenical Temple.
  5414 | Temple   | Entered the Ecumenical Temple
  5496 | Temple   | Became a worshipper of Ashenzari the Shackled
  6390 | D:6      | Slain by a wight

Illustrated notes

Levels and vault maps discovered:
D:1:      tarquinn_simple_flora_water_e, layout_basic, serial_shops,
          nicolae_shop_stone
D:2:      layout_basic, st_stairs_9
D:3:      layout_basic, serial_co_window_serial, co_window_paths_a,
          co_window_paths_b, co_window_corner_a, co_window_corner_a,
          co_window_corner_a, co_window_corner_a, co_window_corner_a,
          co_window_broadway_a, co_window_cross_3, co_window_2corner,
          co_window_broadway_a, glass_columns_a, glass_columns_a,
          glass_columns_a, shapermc_ecumenical_altar_pompeii, uniq_jessica,
          uniq_natasha
D:4:      minmay_polygon_palace, layout_loops_corners
D:5:      layout_basic, temple_green, serial_glass, glass_columns_a,
          glass_columns_c, minmay_strange_pillars, due_unseen_surprise,
          feat_on_display, uniq_blork_the_orc
D:6:      layout_basic
Temple:   compressed_dpeg_circular_temple

Skill      XL: |  1  2  3  4  5  6  7  8 |
---------------+-------------------------+-----
Spellcasting   | 5 6 |  6.1
Invocations    | 1 2 3 |  3.7
Short Blades   | 1 2 3 |  3.3
Axes           | 1 2 3 |  3.3
Maces & Flails | 1 2 3 |  3.3
Polearms       | 1 2 3 |  3.3
Staves         | 1 2 3 |  3.3
Ranged Weapons | 1 2 3 |  3.3
Throwing       | 1 2 3 |  3.3
Armour         | 1 2 3 |  3.3
Stealth        | 1 2 3 |  3.3
Shields        | 1 2 3 |  3.3
Unarmed Combat | 1 2 3 |  3.3
Evocations     | 1 2 3 |  3.3
Hexes          | 1 2 |  2.7
Summonings     | 1 2 |  2.7
Necromancy     | 1 2 |  2.7
Translocations | 1 2 |  2.7
Transmutations | 1 2 |  2.7
Fire Magic     | 1 2 |  2.7
Ice Magic      | 1 2 |  2.7
Air Magic      | 1 2 |  2.7
Earth Magic    | 1 2 |  2.7
Poison Magic   | 1 2 |  2.7
Fighting       | 5 |  5.7
Dodging        | 5 |  5.7
Long Blades    | 7 |  7.4
Conjurations   | 6 |  6.1

Action                   |  1- 3 |  4- 6 |  7- 9 || total
-------------------------+-------+-------+-------++-------
Melee: Falchion          |   134 |   249 |   179 ||   562
       Bite              |     7 |    19 |    20 ||    46
       Punch             |       |     4 |     2 ||     6
       Dagger            |       |       |    22 ||    22
Throw: Dart              |       |     1 |     5 ||     6
 Cast: Kiss of Death     |     1 |     2 |     1 ||     4
       Momentum Strike   |       |     2 |     3 ||     5
       Necrotise         |       |       |    26 ||    26
       Hailstorm         |       |       |     2 ||     2
       Summon Small Mamm |       |       |     2 ||     2
  Use: Scroll            |       |     2 |     1 ||     3
       Potion            |       |     2 |     6 ||     8
 Stab: Invisible         |       |       |     6 ||     6
       Sleeping          |       |       |     1 ||     1
Armor: Ring mail         |    53 |    98 |    51 ||   202
Dodge: Dodged            |    94 |   168 |   117 ||   379

Table legend: (Time is in decaauts)
 A = Elapsed time spent in this place.
 B = Non-inter-level travel time spent in this place.
 C = Inter-level travel time spent in this place.
 D = Time resting spent in this place.
 E = Time spent auto-exploring this place.
 F = Levels seen in this place.
 G = Mean time per level.
                   A        B        C        D        E       F      G
               +--------+--------+--------+--------+--------+-----+--------+
         Total |   6366 |   6081 |    285 |   1399 |   3425 |   7 |  909.4 |
       Dungeon |   6267 |   5990 |    277 |   1399 |   3368 |   6 | 1044.5 |
        Temple |     98 |     90 |      8 |      0 |     57 |   1 |   98.0 |
               +--------+--------+--------+--------+--------+-----+--------+

Top non-repeatable levels by time:
     D:4: 1810 daAuts
     D:3: 1417 daAuts
     D:5: 1268 daAuts
     D:2: 711 daAuts
     D:1: 697 daAuts
     D:6: 362 daAuts
  Temple: 98 daAuts
